 Dungeon Crawl Stone Soup version 0.21.1-1-g345015f (webtiles) character file.

43867 wojtek the Pandemonic (level 13, -11/119 HPs)
             Began as a Minotaur Fighter on May 31, 2018.
             Was a High Priest of Makhleb.
             Killed from afar by an oklob plant (14 damage)
             ... with a splash of acid
             ... on level 6 of the Lair of Beasts.
             The game lasted 00:41:11 (16969 turns).

wojtek the Pandemonic (Minotaur Fighter)           Turns: 16969, Time: 00:41:11

Health: -11/119    AC: 11    Str: 30    XL:     13   Next: 93%
Magic:  21/21      EV: 20    Int:  5    God:    Makhleb [*****.]
Gold:   1045       SH: 10    Dex: 14    Spells: 12/12 levels left

rFire    . . .     SeeInvis .   a - +1 broad axe
rCold    + . .     Gourm    .   c - +0 shield
rNeg     . . .     Faith    .   M - +0 plate armour
rPois    +         Spirit   .   (helmet restricted)
rElec    .         Reflect  .   t - +0 cloak
rCorr    .         Harm     .   R - +2 pair of gloves {archery}
MR       .....                  p - +1 pair of boots {Stlth+}
Stlth    ..........             Q - amulet of regeneration
HPRegen  0.69/turn              G - ring of Phasing {EV+8}
MPRegen  0.17/turn              k - ring of Fytronus {rPois rC+ Str+5 Dex+3}

@: corroded
A: retaliatory headbutt, horns 2
a: Minor Destruction, Lesser Servant of Makhleb, Major Destruction, Greater
Servant of Makhleb, Renounce Religion


You were on level 6 of the Lair of Beasts.
You worshipped Makhleb.
Makhleb was extremely pleased with you.
You were not hungry.

You visited 2 branches of the dungeon, and saw 16 of its levels.
You also visited: Labyrinth and Ossuary.

You collected 1428 gold pieces.
You spent 383 gold pieces at shops.

Inventory:

Hand Weapons
 a - a +1 broad axe (weapon)
 b - a +1 war axe of flaming
Missiles
 W - 3 javelins of penetration (quivered)
Armour
 c - a +0 shield (worn)
 p - a +1 pair of boots of stealth (worn)
 t - a +0 cloak (worn)
 L - a cursed +0 scale mail
 M - a +0 plate armour (worn)
 R - a +2 pair of gloves of archery (worn)
Jewellery
 k - the ring of Fytronus (right hand) {rPois rC+ Str+5 Dex+3}
   (You took it off a minotaur in a labyrinth)

   [ring of strength]

   It affects your strength (+5).
   It affects your dexterity (+3).
   It protects you from cold.
   It protects you from poison.
 y - an uncursed amulet of the gourmand {unknown}
 G - the ring of Phasing (left hand) {EV+8}
   (You found it in an ossuary)

   [ring of evasion]

   It affects your evasion (+8).
 Q - an amulet of regeneration (around neck)
Wands
 m - a wand of iceblast (16)
 s - a wand of disintegration (7)
 E - a wand of flame (47)
 S - a wand of paralysis (12)
Scrolls
 e - 9 scrolls of identify
 h - 9 scrolls of remove curse
 l - a scroll of magic mapping {unknown}
 o - a scroll of fear
 r - 2 scrolls of noise {unknown}
 x - 3 scrolls of teleportation
 z - 3 scrolls of blinking
 A - a scroll of random uselessness {unknown}
 B - 2 scrolls of enchant weapon
 F - a scroll of immolation {unknown}
 J - a scroll of vulnerability {unknown}
 P - 3 scrolls of fog {unknown}
 U - a scroll of summoning {unknown}
 Z - 2 scrolls of acquirement {unknown}
Potions
 d - 6 potions of might
 g - 7 potions of heal wounds {unknown}
 i - 15 potions of curing {unknown}
 j - 2 potions of flight
 n - 4 potions of mutation
 q - 2 potions of cancellation
 v - 5 potions of agility {unknown}
 C - a potion of ambrosia {unknown}
 D - 3 potions of lignification
 H - 4 potions of haste {unknown}
 V - 3 potions of invisibility {unknown}
Books
 I - a book of Party Tricks

   Spells                             Type                      Level
   a - Summon Butterflies             Summoning                    1
   b - Apportation                    Translocation                1
   c - Lesser Beckoning               Translocation                3
   d - Tukima's Dance                 Hexes                        3
   e - Alistair's Intoxication        Transmutation/Poison         5
   f - Invisibility                   Hexes                        6
Miscellaneous
 u - a lightning rod (4/4)
 w - a fan of gales
Comestibles
 f - 33 rations


   Skills:
 + Level 12.9 Fighting
 - Level 11.0 Axes
 + Level 12.9 Armour
 + Level 11.5 Dodging
 - Level 3.6 Shields
 * Level 13.3 Invocations


You had 12 spell levels left.
You didn't know any spells.

Dungeon Overview and Level Annotations

Branches:
Dungeon (10/15)            Temple (0/1) D:7            Lair (6/6) D:8
  Swamp (0/4) Lair:4       Spider (0/4) Lair:3        Slime (0/5) Lair:6
    Orc: D:9-12

Altars:
Ashenzari
Elyvilon
Kikubaaqudgha
Makhleb
Nemelex Xobeh
Okawaru
Sif Muna
Trog
Uskayaw
Wu Jian
Yredelemnul
Zin
The Shining One

Shops:
D:5 [   D:8 *[[[?   D:10 (*

Annotations:
D:7 exclusion: downstairs
Lair:6 exclusion: 3 oklob plants


Innate Abilities, Weirdness & Mutations

You reflexively headbutt those who attack you in melee.
You have a pair of horns on your head.


Message History

The splash of acid misses you. The oklob plant spits acid at you.
The splash of acid hits you!
You are splashed with acid!
The acid burns!
The oklob plant spits acid at you. The splash of acid misses you.
The oklob plant spits acid at you. The splash of acid hits you!
You are splashed with acid!
The acid burns!
The oklob plant spits acid at you. The splash of acid hits you!
* * * LOW HITPOINT WARNING * * *
The acid corrodes you!
You are splashed with acid!
The acid burns!
* * * LOW HITPOINT WARNING * * *
The oklob plant spits acid at you. The splash of acid hits you!
* * * LOW HITPOINT WARNING * * *
You are splashed with acid!
The acid burns!
* * * LOW HITPOINT WARNING * * *
The oklob plant spits acid at you. The splash of acid hits you!
You die...

...........#......%..............
.................................
.................................
.#..##....#.#..#####.............
##..###.#.###### ##............
##### #.## ###........... ######
### #.............
########.#.#####.####..P.P.... .
.#P##.#..##...#.@......P>..... ..
...†.......................... ..
.............................. ..
............................(.
..............................
...###..####P.#.#PP####...#..#
#### ##.# ##.###### ####### ###
###


You could see 2 oklob plants.

Vanquished Creatures
  A minotaur (Lab)
  6 hydras
  2 death yaks
  3 two-headed ogres (D:10)
  Nergalle (Lair:2)
  Pikel (D:8)
  8 elephants
  5 black mambas
  Joseph (D:9)
  8 spiny frogs
  5 komodo dragons (Lair:6)
  4 rime drakes
  A jumping spider (Lair:3)
  A queen bee (Lair:2)
  5 hornets
  2 polar bears (Lair:6)
  Prince Ribbit (D:6)
  13 blink frogs
  A dream sheep (Lair:6)
  Grinder (D:6)
  6 hippogriffs
  Sigmund (D:2)
  2 redbacks (Lair:3)
  12 spriggans (Lair:6)
  19 yaks
  4 basilisks
  A wyvern (D:10)
  3 hungry ghosts
  18 water moccasins
  12 porcupines
  4 black bears
  2 slaves (D:8)
  2 ice beasts
  A phantom (D:6)
  An ogre (D:7)
  24 wolves
  2 eyes of draining (D:6)
  3 boggarts (Lair:6)
  10 crocodiles
  3 centaurs
  10 bullfrogs
  A water moccasin zombie (Ossuary)
  A scorpion (D:6)
  37 killer bees
  The ghost of Iko the Gusty, a weakling OgAE (D:4)
  3 wights (D:10)
  7 howler monkeys
  A crimson imp (D:10)
  2 bullfrog zombies (Ossuary)
  3 jellies
  2 centaur zombies (Ossuary)
  2 hounds
  An orc priest (D:8)
  2 bullfrog skeletons (D:5)
  2 orc wizards (D:8)
  4 centaur skeletons
  Terence (D:3)
  7 worker ants
  3 killer bee zombies
  4 hound zombies
  A hound skeleton (D:10)
  12 mummies (Ossuary)
  2 howler monkey zombies (Ossuary)
  3 worker ant zombies
  4 gnolls (D:7)
  A howler monkey skeleton (D:9)
  10 adders
  2 shadow imps
  An adder skeleton (D:7)
  2 adder zombies (Ossuary)
  2 worms (D:2)
  A dart slug (D:2)
  The ghost of Iko the Stinger, a weakling TeVM (D:3)
  3 leopard geckos
  16 orcs
  4 giant cockroaches
  7 goblins
  7 hobgoblins
  7 jackals
  A quokka (D:5)
  3 ball pythons
  9 bats
  A frilled lizard (D:1)
  A giant cockroach zombie (Ossuary)
  2 jackal zombies (Ossuary)
  6 kobolds
  A leopard gecko zombie (Ossuary)
  3 rats
  4 fungi
411 creatures vanquished.

Vanquished Creatures (collateral kills)
  Rupert (Lair:3)
  Urug (Lair:3)
  A komodo dragon (Lair:2)
  A rime drake (Lair:3)
  2 yaks (Lair:3)
  A wolf (Lair:3)
  A bullfrog (Lair:3)
8 creatures vanquished.

Vanquished Creatures (others)
  A hound (D:8)
  A bush (Lair:6)
  11 fungi
  9 plants
22 creatures vanquished.

Grand Total: 441 creatures vanquished

Notes
Turn   | Place    | Note
-------+----------+-------------------------------------------
     0 | D:1      | wojtek the Minotaur Fighter began the quest for the Orb.
     0 | D:1      | Reached XP level 1. HP: 19/19 MP: 0/0
   293 | D:1      | Reached XP level 2. HP: 26/26 MP: 1/1
   530 | D:2      | Found a sparkling altar of Nemelex Xobeh.
   786 | D:2      | Found a glowing silver altar of Zin.
   787 | D:2      | Found a shattered altar of Ashenzari.
   788 | D:2      | Found an ancient bone altar of Kikubaaqudgha.
   861 | D:2      | Reached XP level 3. HP: 31/31 MP: 2/2
   956 | D:2      | Reached skill level 5 in Axes
  1070 | D:2      | Noticed Sigmund
  1091 | D:2      | Killed Sigmund
  1091 | D:2      | Reached XP level 4. HP: 4/39 MP: 3/3
  1091 | D:2      | Reached XP level 5. HP: 5/45 MP: 4/4
  1725 | D:3      | Noticed Iko's ghost (weakling TeVM)
  1752 | D:3      | Killed Iko's ghost
  1997 | D:3      | Noticed Terence
  2003 | D:3      | Killed Terence
  2003 | D:3      | Reached XP level 6. HP: 51/51 MP: 5/5
  2086 | D:3      | Found an iron altar of Okawaru.
  2500 | D:4      | Noticed Iko's ghost (weakling OgAE)
  2511 | D:4      | Killed Iko's ghost
  2640 | D:4      | Found a sand-covered staircase.
  2651 | Ossuary  | Entered an ossuary
  2966 | Ossuary  | Reached XP level 7. HP: 55/57 MP: 6/6
  3113 | Ossuary  | Reached skill level 10 in Axes
  3183 | Ossuary  | Found the ring of Phasing {EV+8}
  3594 | D:4      | Found a white marble altar of Elyvilon.
  3674 | D:4      | Found a deep blue altar of Sif Muna.
  3967 | D:5      | Entered Level 5 of the Dungeon
  4024 | D:5      | Reached XP level 8. HP: 66/66 MP: 7/7
  4062 | D:5      | Found Kaxameof's Armour Shop.
  4130 | D:5      | Reached skill level 1 in Dodging
  5183 | D:6      | Reached skill level 5 in Fighting
  5183 | D:6      | Reached skill level 5 in Armour
  5185 | D:6      | Noticed Prince Ribbit
  5211 | D:6      | Killed Prince Ribbit
  5339 | D:6      | Noticed Grinder
  5357 | D:6      | Killed Grinder
  5973 | D:6      | Reached XP level 9. HP: 77/77 MP: 1/8
  5975 | D:6      | Found a bloodstained altar of Trog.
  6354 | D:7      | Found a burning altar of Makhleb.
  6371 | D:7      | Became a worshipper of Makhleb the Destroyer
  6530 | D:7      | Reached skill level 1 in Invocations
  6593 | D:7      | Reached skill level 5 in Dodging
  6634 | D:7      | Found a staircase to the Ecumenical Temple.
  6669 | D:7      | Reached skill level 2 in Invocations
  7134 | D:8      | Found Poekh's Magic Scroll Emporium.
  7137 | D:8      | Bought a scroll of blinking for 90 gold pieces
  7219 | D:8      | Found Gingepsun's Antique Armour Emporium.
  7257 | D:8      | Noticed a death yak
  7257 | D:8      | Noticed a death yak
  7259 | D:8      | Found a staircase to the Lair.
  7259 | D:8      | Noticed a death yak
  7894 | D:8      | Reached skill level 3 in Invocations
  8049 | D:8      | Noticed Pikel
  8068 | D:8      | Killed Pikel
  8068 | D:8      | Reached skill level 4 in Invocations
  8151 | D:7      | Killed a death yak
  8151 | D:7      | Reached XP level 10. HP: 53/88 MP: 4/12
  8157 | D:7      | Reached skill level 5 in Invocations
  8390 | D:8      | Found Ynerhyaq's Assorted Antiques.
  8398 | D:8      | Got a jewelled trident
  8438 | D:8      | Found Gealuh's Antique Armour Emporium.
  8496 | D:8      | Bought a pair of embroidered gloves for 165 gold pieces
  8555 | D:8      | Found a glowing golden altar of the Shining One.
  8599 | D:8      | Killed a death yak
  8606 | D:8      | Reached skill level 6 in Invocations
  8607 | D:8      | Reached * piety under Makhleb
  8911 | D:8      | Found a basalt altar of Yredelemnul.
  8945 | D:8      | Found Biops's Armour Shoppe.
  9585 | D:9      | Found an ornate altar of the Wu Jian Council.
  9723 | D:9      | Found a hide-covered altar of Uskayaw.
  9796 | D:9      | Noticed Joseph
  9807 | D:9      | Killed Joseph
 10011 | D:10     | Entered Level 10 of the Dungeon
 10023 | D:10     | Noticed a two-headed ogre
 10031 | D:10     | Killed a two-headed ogre
 10031 | D:10     | Reached skill level 7 in Invocations
 10249 | D:10     | Noticed a two-headed ogre
 10266 | D:10     | Killed a two-headed ogre
 10266 | D:10     | Reached XP level 11. HP: 28/97 MP: 5/15
 10620 | D:10     | Found Maseirep's General Store.
 10730 | D:10     | Reached skill level 8 in Invocations
 10774 | D:10     | Noticed a two-headed ogre
 10788 | D:10     | Killed a two-headed ogre
 10788 | D:10     | Reached ** piety under Makhleb
 10965 | D:10     | Found Xiexzom's Antique Weapon Emporium.
 10975 | D:10     | Bought a broad axe for 128 gold pieces
 11304 | Lair:1   | Entered Level 1 of the Lair of Beasts
 11417 | Lair:1   | Noticed an eight-headed hydra
 11429 | Lair:1   | Killed an eight-headed hydra
 11570 | Lair:1   | Reached skill level 10 in Fighting
 11712 | Lair:1   | Reached skill level 10 in Armour
 11712 | Lair:1   | Reached skill level 9 in Invocations
 12115 | Lair:2   | Noticed Nergalle
 12135 | Lair:2   | Killed Nergalle
 12158 | Lair:2   | Noticed an eight-headed hydra
 12164 | Lair:2   | Killed an eight-headed hydra
 12400 | Lair:2   | Reached XP level 12. HP: 107/107 MP: 18/18
 12425 | Lair:2   | Reached skill level 10 in Invocations
 12429 | Lair:2   | Reached *** piety under Makhleb
 12603 | Lair:2   | Noticed a six-headed hydra
 12607 | Lair:2   | Killed a six-headed hydra
 13050 | Lair:3   | Noticed Urug
 13161 | Lair:3   | Found a labyrinth entrance.
 13185 | Lab      | Entered a labyrinth
 13325 | Lab      | Noticed a minotaur
 13333 | Lab      | Killed a minotaur
 13335 | Lab      | Got a wavering silver ring
 13490 | Lair:3   | Found a hole to the Spider Nest.
 13517 | Lair:3   | Noticed Rupert
 13738 | Lair:3   | Killed Rupert
 13745 | Lair:3   | Identified the ring of Fytronus {rPois rC+ Str+5 Dex+3} (You took it off a minotaur in a labyrinth)
 13777 | Lair:3   | Noticed a seven-headed hydra
 13788 | Lair:3   | Reached skill level 11 in Invocations
 13790 | Lair:3   | Killed a seven-headed hydra
 13815 | Lair:3   | Reached skill level 10 in Dodging
 13850 | Lair:3   | Killed Urug
 14326 | Lair:4   | Reached **** piety under Makhleb
 14568 | Lair:4   | Found a staircase to the Swamp.
 14725 | Lair:4   | Reached XP level 13. HP: 117/117 MP: 20/20
 15011 | Lair:4   | Reached skill level 12 in Invocations
 15876 | Lair:6   | Entered Level 6 of the Lair of Beasts
 16416 | Lair:6   | Reached ***** piety under Makhleb
 16576 | Lair:6   | Reached skill level 13 in Invocations
 16957 | Lair:6   | Found a staircase to the Slime Pits.
 16968 | Lair:6   | HP: 3/119 [acid (12)]
 16969 | Lair:6   | Killed from afar by an oklob plant

Skill      XL: |  1  2  3  4  5  6  7  8  9 10 11 12 13 |
---------------+----------------------------------------+-----
Axes           | 3 4 7 9 11 | 11.0
Dodging        | 4 6 7 9 10 11 | 11.5
Fighting       | 6 7 9 10 11 12 | 12.9
Armour         | 6 7 9 10 11 12 | 12.9
Invocations    | 4 7 9 11 13 | 13.3
Shields        | |  3.6

Action                   |  1- 3 |  4- 6 |  7- 9 | 10-12 | 13-15 || total
-------------------------+-------+-------+-------+-------+-------++-------
Melee: War axe           |    98 |   125 |   320 |   230 |    11 ||   784
       Headbutt          |    13 |    24 |    66 |   120 |   111 ||   334
       Broad axe         |       |       |       |   412 |   364 ||   776
Invok: Lesser Servant of |       |       |       |     6 |     3 ||     9
Evoke: Wand              |       |       |     7 |    18 |     1 ||    26
  Use: Scroll            |       |       |     4 |    13 |     1 ||    18
       Potion            |       |       |       |     1 |       ||     1
  Eat: Chunk             |     1 |     5 |    13 |    24 |     8 ||    51
       Ration            |       |       |     2 |     1 |       ||     3
Armor: Scale mail        |    60 |    53 |    53 |     7 |       ||   173
       Chain mail        |       |       |       |   184 |   133 ||   317
       Plate armour      |       |       |       |       |     2 ||     2
Dodge: Dodged            |    29 |    31 |   134 |   551 |   347 ||  1092
Block: Shield            |    58 |    63 |   122 |   344 |   260 ||   847
